 Dungeon Crawl Stone Soup version 0.22-a0-877-g5c4e1af (webtiles) character file.

69 Dordric the Sneak (level 4, 0/33 HPs)
             Began as a Vampire Assassin on July 29, 2018.
             Slain by a worm (9 damage)
             ... on level 3 of the Dungeon.
             The game lasted 00:04:42 (2110 turns).

Dordric the Sneak (Vampire Assassin)                Turns: 2110, Time: 00:04:43

Health: 0/33       AC:  3    Str: 10    XL:     4   Next: 2%
Magic:  4/4        EV: 12    Int: 15    God:
Gold:   130        SH:  0    Dex: 16    Spells: 3/3 levels left

rFire    . . .     SeeInvis +   a - +2 dagger
rCold    + . .     Gourm    .   (no shield)
rNeg     + + .     Faith    .   c - +0 robe
rPois    +         Spirit   .   (no helmet)
rElec    .         Reflect  .   d - +0 cloak
rCorr    .         Harm     .   (no gloves)
MR       .....                  (no boots)
Stlth    +++++.....             (no amulet)
HPRegen  0.05/turn              j - +2 ring of intelligence
MPRegen  0.09/turn              (no ring)

@: regenerating slowly
A: fangs 3, see invisible, unbreathing
a: Bat Form


You were on level 3 of the Dungeon.
You were thirsty.

You visited 1 branch of the dungeon, and saw 3 of its levels.

You collected 130 gold pieces.

Inventory:

Hand Weapons
 a - a +2 dagger (weapon)
 b - a +0 blowgun
Missiles
 e - 22 poisoned needles
 f - 2 curare-tipped needles
Armour
 c - a +0 robe (worn)
 d - a +0 cloak (worn)
 n - a +2 large shield
Jewellery
 j - a +2 ring of intelligence (left hand)
Scrolls
 h - a scroll of blinking {unknown}
 i - a scroll of amnesia
 k - a scroll of enchant weapon
 l - a scroll of fog
 p - 3 scrolls of immolation
Potions
 g - 8 potions of blood
 m - 2 potions of curing {unknown}


   Skills:
 - Level 1.7 Fighting
 + Level 3.7 Short Blades
 - Level 1.5 Throwing
 - Level 1.1 Dodging
 + Level 7.3 Stealth


You had 3 spell levels left.
You didn't know any spells.
Your spell library was empty.

Dungeon Overview and Level Annotations

Branches:
Dungeon (3/15)

Altars:
Fedhas
Makhleb
Xom
Zin


Innate Abilities, Weirdness & Mutations

You heal slowly.
You have razor-sharp teeth.
You have supernaturally acute eyesight. (SInv)
You can survive without breathing.


Message History

You hit the worm. You bite the worm, but do no damage.
The worm is moderately wounded.
You hit the worm.
The worm is heavily wounded.
The worm bites you!
You hit the worm.
The worm is heavily wounded.
You hit the worm.
The worm is heavily wounded.
The worm bites you!
* * * LOW HITPOINT WARNING * * *
You are too injured to fight recklessly!
Unknown command.
Keep equipping yourself? [Y]es or [N]o only, please.
Keep equipping yourself?
You start putting on your armour.
You continue putting on your +2 large shield.
The worm bites you!
You die...

.........'.......................
..)......####....######.......###
#.......## ##.#.# ##.....##
##.....## ###.### ##.#.## ##...##
#.....# ###.# ##+## ###.###.# #.#
... #.# #.# ###.#.###.# #.#
..≈.≈.w@..# #.##### .≈.≈.≈.####
#...... .#...#. ######. #.≈ #. #.
#. #. #. # #. ## ##


You could see a worm.

Vanquished Creatures
  3 adders
  2 oozes (D:1)
  A ball python (D:2)
  3 giant cockroaches
  4 goblins
  A hobgoblin (D:1)
  2 jackals (D:1)
  A quokka (D:3)
  3 bats
  4 frilled lizards
  7 kobolds
  3 rats
34 creatures vanquished.

Notes
Turn   | Place    | Note
-------+----------+-------------------------------------------
     0 | D:1      | Dordric the Vampire Assassin began the quest for the Orb.
     0 | D:1      | Reached XP level 1. HP: 16/16 MP: 1/1
    78 | D:1      | Reached skill level 6 in Stealth
   310 | D:1      | Reached XP level 2. HP: 19/22 MP: 2/2
   936 | D:2      | Found a shimmering altar of Xom.
   939 | D:2      | Found a blossoming altar of Fedhas.
   940 | D:2      | Reached XP level 3. HP: 27/27 MP: 3/3
  1089 | D:2      | Reached skill level 7 in Stealth
  1093 | D:2      | Found a burning altar of Makhleb.
  1093 | D:2      | Noticed an Executioner
  1096 | D:2      | Noticed an orange demon
  1096 | D:2      | Noticed a smoke demon
  1926 | D:3      | Found a glowing silver altar of Zin.
  2014 | D:3      | Reached XP level 4. HP: 33/33 MP: 4/4
  2110 | D:3      | Slain by a worm

Vault maps used:
D:1:      wheals_arrival_linesprint
D:2:      overflow_temple_1_default, xom_teletrap_fun,
          makhleb_altar_promises_db, serial_glass, glass_columns_c,
          glass_columns_a
D:3:      nicolae_overflow_hidden_temple, nicolae_ru_path_of_blood

Skill      XL: |  1  2  3 |
---------------+----------+-----
Stealth        | 6 7 |  7.3
Short Blades   | 3 |  3.7
Fighting       | |  1.7
Throwing       | |  1.5
Dodging        | |  1.1

Action                   |  1- 3 |  4- 6 || total
-------------------------+-------+-------++-------
Melee: Dagger            |    72 |     7 ||    79
       Bite              |     7 |     1 ||     8
       Unarmed           |     5 |       ||     5
 Abil: End Transformatio |     1 |       ||     1
       Bat Form          |     1 |       ||     1
  Use: Potion            |     2 |       ||     2
       Scroll            |       |     5 ||     5
 Stab: Sleeping          |    19 |     1 ||    20
Armor: Robe              |    13 |       ||    13
Dodge: Dodged            |    49 |     1 ||    50
Block: Large shield      |     2 |       ||     2

Table legend:
 A = Spawn XP
 B = Non-spawn XP
 C = Spawn XP percentage of total XP
 D = Spawn monster count
 E = Non-spawn monster count
 F = Spawn count percentage of total count
 G = Total turns spent on level
                    A         B        C        D         E        F      G
               +---------+---------+-------+---------+---------+-------+---------
         Total |       0 |      99 |   0.0 |       0 |      34 |   0.0 |  2110
               +---------+---------+-------+---------+---------+-------+---------
           D:1 |       0 |      39 |   0.0 |       0 |      18 |   0.0 |   936
           D:2 |       0 |      39 |   0.0 |       0 |      10 |   0.0 |   952
           D:3 |       0 |      21 |   0.0 |       0 |       6 |   0.0 |   222
               +---------+---------+-------+---------+---------+-------+---------
